 Dungeon Crawl Stone Soup version 0.32-a0-909-gc671339a80 (webtiles) character file.

Game seed: 14324115280985214677

86750 Biggs the Marksgoblin (level 15, -8/115 HPs)
             Began as a Coglin Hunter on Apr 7, 2024.
             Was the Champion of Okawaru.
             Mangled by a caustic shrike simulacrum (22 damage)
             ... in an ice cave.
             The game lasted 00:41:25 (19289 turns).

Biggs the Marksgoblin (Coglin Hunter)              Turns: 19289, Time: 00:41:27

Health: -8/115     AC:  9    Str: 11    XL:     15   Next: 88%
Magic:  20/20      EV: 24    Int:  8    God:    Okawaru [******]
Gold:   1245       SH:  0    Dex: 26    Spells: 14/14 levels left

rFire   + + .        N - +7 hand cannon "Mule" {flame, backblast, rF+}
rCold   + . .        a - +6 sling (flame) {Ernst}
rNeg    . . .        O - +0 troll leather armour
rPois   +            S - +0 helmet
rElec   +            f - scarf {rC+ rF+}
rCorr   +            G - +2 pair of gloves
SInv    .            D - +2 pair of slick slippers {slick, slippery, EV+4}
Will    +....        (amulet unavailable)
Stlth   ++           (ring unavailable)
HPRegen 1.19/turn    (ring unavailable)
MPRegen 0.17/turn    T - gigadynamo N-9200 {Gadgeteer, rElec rPois rCorr}

%: no passive effects
@: revved
A: off-hand wielding, slow wielding, warmup strikes, no jewellery
a: Renounce Religion, Heroism, Finesse, Duel


You were in an ice cave.
You worshipped Okawaru.
Okawaru was exalted by your worship.
You visited 5 branches of the dungeon, and saw 22 of its levels.
You also visited: Sewer, Ice Cave and Volcano.

You collected 1917 gold pieces.
You spent 672 gold pieces at shops.

Inventory:

Hand Weapons
 a - a +6 sling of flaming (offhand) {Ernst}
 d - a +0 sling {Hua}
 N - the +7 hand cannon "Mule" (weapon) {flame, backblast, rF+}
   (Okawaru gifted it to you on level 4 of the Lair of Beasts)

   rF+:       It protects you from fire.
 Z - a +2 sling of freezing
Missiles
 y - a throwing net
Armour
 f - a scarf of resistance (worn)
 D - the +2 pair of slick slippers (worn) {slick, slippery, EV+4}
   (Okawaru gifted it to you on level 4 of the Lair of Beasts)

   Slick:     Its wearer cannot be constricted, engulfed, netted, webbed, or
   stopped by binding sigils.
   Slippery:  Its wearer slips away from damaging melee attacks, pulling the
   attacker onward.
   EV+4:      It affects your evasion (+4).
 G - a +2 pair of gloves (worn)
 H - a +1 leather armour of poison resistance
 J - +0 steam dragon scales
 O - a +0 troll leather armour (worn)
 S - a +0 helmet (worn)
 U - the +3 pair of mountain boots {steadfast, rC+}
   (You found it on level 5 of the Lair of Beasts)

   Steadfast: It prevents involuntary movement, except for blinking,
   teleportation, or banishment.
   rC+:       It protects you from cold.
Gizmo
 T - a gigadynamo N-9200 (installed) {Gadgeteer, rElec rPois rCorr}
   (You invented it yourself on level 5 of the Lair of Beasts)

   [gigadynamo N-9200]

   Gadgeteer: Your evocable items recharge 30% faster and wands have a 30%
   chance to not spend a charge.
   rElec:     It insulates you from electricity.
   rPois:     It protects you from poison.
   rCorr:     It protects you from acid and corrosion.
Wands
 m - a wand of flame (47)
 A - a wand of paralysis (13)
 L - a wand of light (8)
 P - a wand of roots (7)
 Q - a wand of polymorph (3)
 R - a wand of digging (6)
Scrolls
 i - 9 scrolls of teleportation
 j - 2 scrolls of noise
 l - 5 scrolls of blinking
 n - a scroll of enchant weapon
 o - 2 scrolls of immolation
 q - 3 scrolls of fog
 t - 4 scrolls of fear
 w - 6 scrolls of poison
 x - 3 scrolls of vulnerability
 B - 2 scrolls of silence
 E - 2 scrolls of summoning
 I - a scroll of torment
 M - a scroll of amnesia
 V - 4 scrolls of identify
 Y - a scroll of revelation
Potions
 b - 4 potions of heal wounds
 c - a potion of berserk rage {unknown}
 e - 3 potions of ambrosia {unknown}
 g - 7 potions of curing {unknown}
 h - 6 potions of attraction {unknown}
 k - a potion of enlightenment {unknown}
 p - 2 potions of resistance {unknown}
 r - 2 potions of mutation {unknown}
 s - a potion of experience {unknown}
 u - 3 potions of degeneration {unknown}
 v - 4 potions of haste {unknown}
 z - 2 potions of cancellation {unknown}
 C - 2 potions of invisibility {unknown}
 F - a potion of might {unknown}
 K - 3 potions of lignification {unknown}
 W - a potion of magic {unknown}
 X - a potion of brilliance {unknown}


   Skills:
 - Level 10.0 Fighting
 - Level 18.0 Ranged Weapons
 - Level 10.2 Dodging
 - Level 0.7 Stealth
 + Level 7.1 Invocations
 - Level 15.0 Evocations


You had 14 spell levels left.
You didn't know any spells.
Your spell library contained the following spells:

 Spells                   Type           Power      Damage    Failure   Level
 Apportation              Tloc           0%         N/A       50%         1
 Magic Dart               Conj           0%         1d3       50%         1
 Cigotuvi's Dreadful Rot  Necr/Alch/Air  0%         N/A       65%         2
 Lesser Beckoning         Tloc           0%         N/A       65%         2
 Mercury Vapours          Alch/Air       0%         N/A       65%         2
 Sublimation of Blood     Necr           0%         N/A       65%         2
 Fugue of the Fallen      Necr           0%         N/A       86%         3
 Hailstorm                Conj/Ice       0%         3d5       86%         3
 Inner Flame              Hex/Fire       0%         N/A       86%         3
 Maxwell's Portable Pile  Tloc           0%         2d(5-13)  86%         3
 Mephitic Cloud           Conj/Alch/Air  0%         N/A       86%         3
 Ozocubu's Armour         Ice            0%         N/A       86%         3
 Teleport Other           Tloc           0%         N/A       86%         3
 Volatile Blastmotes      Fire/Tloc      0%         2d10      86%         3
 Flame Wave               Conj/Fire      0%         2d4       99%         4
 Petrify                  Alch/Erth      0%         N/A       99%         4
 Sticky Flame             Fire/Alch      0%         2d4       99%         4
 Freezing Cloud           Conj/Ice/Air   0%         6-21      100%        5
 Irradiate                Conj/Alch      0%         3d11      100%        5
 Iskenderun's Battlesphe  Conj           0%         2d6       100%        5
 Bombard                  Conj/Erth      0%         9d1       100%        6
 Manifold Assault         Tloc           0%         N/A       100%        7
 Ozocubu's Refrigeration  Ice            0%         4d7       100%        7
 Sculpt Simulacrum        Ice/Alch       Unusable   N/A       N/A         6
 Spellforged Servitor     Conj/Summ      Unusable   N/A       N/A         7

Dungeon Overview and Level Annotations

Branches:
Dungeon (13/15)            Temple (1/1) D:7            Lair (5/5) D:11
 Shoals (1/4) Lair:3       Spider (0/4) Lair:2        Slime (0/5) Lair:4
    Orc (2/2) D:9             Elf (0/3) Orc:2         Sewer (visited)
  IceCv (1/1)             Volcano (visited)
 Vaults: D:13-14

Altars:
Ashenzari
Cheibriados
Dithmenos
Elyvilon
Fedhas
Gozag
Hepliaklqana
Kikubaaqudgha
Makhleb
Nemelex Xobeh
Okawaru
Qazlal
Ru
Sif Muna
Trog
Uskayaw
Vehumet
Wu Jian
Xom
Yredelemnul
Zin
The Shining One
Beogh
Jiyva

Shops:
D:8 *   Orc:1 (   Orc:2 (=(*   Shoals:1 =

Annotations:
D:2 Sigmund
D:9 3 transporters
Lair:1 3 runed translucent doors, Zomec's ghost, journeyman TrSh
Lair:3 1 runed translucent door, Fractals's ghost, journeyman DsBr


Innate Abilities, Weirdness & Mutations

You can wield a second weapon in your off-hand.
It takes a long time for you to wield or remove held weapons.
Your first few attacks do less damage.
You cannot equip rings or amulets.


Message History

Unknown command.
You shoot a slug.
The slug hits the caustic shrike simulacrum.
The slug melts the caustic shrike simulacrum.
The caustic shrike simulacrum is moderately damaged.
You shoot a sling bullet.
The sling bullet misses the caustic shrike simulacrum.
The caustic shrike simulacrum completely misses you.
The caustic shrike simulacrum claws you but does no damage.
You shoot a sling bullet.
The sling bullet hits the caustic shrike simulacrum.
The sling bullet melts the caustic shrike simulacrum.
The caustic shrike simulacrum is heavily damaged.
You shoot a slug.
The slug hits the caustic shrike simulacrum!
The slug melts the caustic shrike simulacrum.
The caustic shrike simulacrum is severely damaged.
Mule's kick sends you backwards.
The caustic shrike simulacrum claws you!
The caustic shrike simulacrum freezes you!!
You resist.
You slip backwards!
You are too injured to fight recklessly!
You are too injured to fight recklessly!
Unknown command.
Fire: N) +7 hand cannon "Mule" {flame, backblast, rF+}
Press: ? - help, Q - select action, (/) - cycle Shift-Dir - straight line, f/p - caustic shrike simulacrum
Aim: a caustic shrike simulacrum (severely damaged, 73% to hit)
You shoot a slug.
The slug hits the caustic shrike simulacrum.
The slug melts the caustic shrike simulacrum.
The caustic shrike simulacrum is severely damaged.
You shoot a sling bullet.
The sling bullet hits the caustic shrike simulacrum.
The sling bullet melts the caustic shrike simulacrum.
The caustic shrike simulacrum is almost destroyed.
The caustic shrike simulacrum claws you!!
* * * LOW HITPOINT WARNING * * *
The caustic shrike simulacrum freezes you!!
You resist.
You die...

#⌠.##'##[⌠#
###'#...#'###
#...#...#...#
###.###...###.###
#...#.#...#.#...#
#'###'#...#'###'#
#.#.'.......'.#.#
#.###.ß...ß○###.#
#.#.'...(.@.'.#.#
#.###.ß☼°Zß.###.#
#.'.........÷.'.#
#.###.ß...ß.###.#
#.#.'°°.....'.#.#
#.###.ß...ß.###.#
#.#.'.......+ #.#
#'######+######'#
#...............#


You could see a caustic shrike simulacrum.

Vanquished Creatures
  2 reapers (IceCv)
  The ghost of Esekla the Thaumaturge, a journeyman DsWn of Vehumet (Lair:5)
  A red draconian (Volcano)
  A merfolk impaler (Shoals:1)
  2 hydras
  Erolcha (D:12)
  3 caustic shrike simulacra (IceCv)
  5 ogre magi
  An ice dragon (Lair:5)
  21 two-headed ogres
  3 boulder beetles
  A centaur warrior (D:12)
  5 death yaks
  3 demonic crawlers (D:12)
  Urug (Orc:2)
  An orc high priest (Orc:1)
  3 skysharks
  A glowing orange brain (D:12)
  A sea snake (Shoals:1)
  3 spriggan simulacra (Shoals:1)
  2 obsidian statues (IceCv)
  A bog body (IceCv)
  Pikel (D:8)
  2 orc sorcerers
  A deep elf pyromancer (D:12)
  3 ugly things
  A merfolk siren (Shoals:1)
  A manticore (Lair:3)
  2 black mambas
  9 elephants (Lair:5)
  A kobold blastminer (Orc:1)
  A gargoyle (D:8)
  11 cane toads
  9 komodo dragons
  5 rime drakes
  8 freezing wraiths (IceCv)
  4 merfolk (Shoals:1)
  2 golden dragon simulacra (IceCv)
  A troll (D:11)
  2 polar bears
  A wind drake (Lair:3)
  A hornet (D:8)
  13 dream sheep
  A glass eye (D:12)
  16 blink frogs
  12 slime creatures (D:12)
  6 wraiths
  A yak (shapeshifter) (D:13)
  A vampire (D:10)
  52 yaks
  6 wyverns
  2 basilisks
  3 fire bats (Orc:1)
  A dire elephant simulacrum (Shoals:1)
  A vampire mosquito (D:12)
  3 wargs
  A death yak simulacrum (Lair:5)
  2 steam dragons
  3 minotaur simulacra
  Menkaure (D:4)
  2 harpy simulacra (Shoals:1)
  An acid dragon (D:9)
  A hydra simulacrum (IceCv)
  11 water moccasins
  A sky beast (D:6)
  2 ice beasts (D:6)
  A black bear (shapeshifter) (D:9)
  2 ettin simulacra (IceCv)
  13 orc warriors
  2 black bears
  A black mamba simulacrum (Lair:5)
  A boggart (D:12)
  20 wolves
  26 ogres
  2 centaurs
  3 lemures (D:8)
  A phantom (D:5)
  2 brain worms (Sewer)
  4 kobold brigands
  9 bullfrogs
  A cane toad simulacrum (Lair:5)
  2 deep troll simulacra
  6 scorpions
  3 small abominations (D:12)
  6 wights
  A dream sheep simulacrum (Lair:5)
  9 killer bees
  3 howler monkeys
  An electric eel (Lair:3)
  A torpor snail simulacrum (Lair:5)
  2 komodo dragon simulacra (Lair:5)
  5 jellies
  7 hounds
  23 orc priests
  Jessica (D:2)
  4 iguanas
  A sleepcap (D:8)
  19 orc wizards
  6 gnolls
  10 adders
  2 river rats (Sewer)
  2 shadow imps
  A white imp (D:6)
  9 ribbon worms
  67 orcs
  9 endoplasms
  7 giant cockroaches
  4 hobgoblins
  5 jackals
  17 kobolds
  5 quokkas
  10 ball pythons
  6 bats
  8 frilled lizards
  5 goblins
  9 rats
636 creatures vanquished.

Vanquished Creatures (others)
  2 unseen horrors (D:12)
2 creatures vanquished.

Grand Total: 638 creatures vanquished

Notes
Turn   | Place    | Note
-------+----------+-------------------------------------------
     0 | D:1      | Biggs the Coglin Hunter began the quest for the Orb.
     0 | D:1      | Reached XP level 1. HP: 16/16 MP: 1/1
   165 | D:1      | Reached skill level 4 in Ranged Weapons
   165 | D:1      | Reached XP level 2. HP: 22/22 MP: 2/2
   631 | D:2      | Noticed Jessica
   639 | D:2      | Killed Jessica
   640 | D:2      | Reached XP level 3. HP: 21/27 MP: 3/3
   680 | D:2      | Reached skill level 5 in Ranged Weapons
   682 | D:2      | Reached XP level 4. HP: 33/33 MP: 4/4
   689 | D:2      | Reached XP level 5. HP: 24/38 MP: 5/5
   880 | D:2      | Noticed Sigmund
  1473 | D:3      | Reached skill level 6 in Ranged Weapons
  1540 | D:3      | Found a glowing drain.
  1553 | Sewer    | Entered a sewer
  1687 | Sewer    | Reached XP level 6. HP: 44/44 MP: 6/6
  1823 | Sewer    | Reached skill level 7 in Ranged Weapons
  2364 | D:3      | Reached XP level 7. HP: 50/50 MP: 7/7
  2930 | D:4      | Noticed Menkaure
  2935 | D:4      | Killed Menkaure
  2936 | D:4      | Reached skill level 8 in Ranged Weapons
  3303 | D:5      | Entered Level 5 of the Dungeon
  3383 | D:5      | HP: 2/50 [gnoll/+0 halberd (11)]
  3388 | D:5      | Reached XP level 8. HP: 17/56 MP: 8/8
  3528 | D:5      | Found a radiant altar of Vehumet.
  3534 | D:5      | Got Vehumet's Incunabulum of the Barrage
  3536 | D:5      | Found an ancient bone altar of Kikubaaqudgha.
  3537 | D:5      | Found a shimmering blue altar of Sif Muna.
  3668 | D:5      | Reached skill level 9 in Ranged Weapons
  4264 | D:6      | Reached skill level 5 in Fighting
  4594 | D:6      | Reached XP level 9. HP: 68/68 MP: 9/9
  4601 | D:6      | Reached skill level 5 in Dodging
  5426 | D:7      | Found a staircase to the Ecumenical Temple.
  5440 | D:7      | Found a bloodstained altar of Trog.
  5455 | Temple   | Entered the Ecumenical Temple
  6416 | D:8      | Reached skill level 10 in Ranged Weapons
  6422 | D:8      | Reached XP level 10. HP: 41/74 MP: 10/10
  6432 | D:8      | Noticed a gargoyle
  6572 | D:8      | Killed a gargoyle
  6573 | D:8      | Reached skill level 11 in Ranged Weapons
  7040 | D:8      | Noticed Pikel
  7054 | D:8      | Killed Pikel
  7171 | D:8      | Reached skill level 12 in Ranged Weapons
  7371 | D:8      | Found Zeisa's Neck Hole.
  7383 | D:8      | Bought a scarf of resistance for 416 gold pieces
  7602 | D:8      | Identified the +1 ring mail "Lecli Inihi" {rF+ Regen+}
  7937 | D:9      | Found a staircase to the Orcish Mines.
  7985 | D:9      | Found a transporter.
  7985 | D:9      | Found a transporter.
  7987 | D:9      | Found a transporter.
  8006 | D:9      | Noticed a two-headed ogre
  8017 | D:9      | Killed a two-headed ogre
  8160 | D:9      | Found a transporter.
  8222 | D:9      | Found a broken altar of Ashenzari.
  8293 | D:9      | Found an opulent altar of Gozag.
  8456 | D:8      | Reached skill level 13 in Ranged Weapons
  8456 | D:8      | Reached XP level 11. HP: 36/79 MP: 11/11
  8698 | D:9      | You fall into a shaft and drop 1 floor!
  8698 | D:10     | Entered Level 10 of the Dungeon
  8770 | D:10     | Noticed a boulder beetle
  9134 | D:10     | Killed a boulder beetle
  9366 | D:10     | Noticed a two-headed ogre
  9375 | D:10     | Killed a two-headed ogre
  9376 | D:10     | Reached skill level 5 in Evocations
  9642 | D:10     | Found an iron altar of Okawaru.
  9689 | D:10     | Became a worshipper of Warmaster Okawaru
  9804 | D:11     | Noticed a green ugly thing
  9811 | D:11     | Killed a green ugly thing
  9842 | D:11     | Noticed a boulder beetle
  9869 | D:11     | Killed a boulder beetle
  9870 | D:11     | Reached skill level 14 in Ranged Weapons
  9978 | D:11     | Reached * piety under Okawaru
 10074 | D:11     | Found a staircase to the Lair.
 10555 | Lair:1   | Entered Level 1 of the Lair of Beasts
 10693 | Lair:1   | Reached ** piety under Okawaru
 10763 | Lair:1   | Reached XP level 12. HP: 91/91 MP: 12/12
 10980 | Lair:1   | Reached *** piety under Okawaru
 10990 | Lair:1   | Reached skill level 10 in Evocations
 11267 | Lair:1   | Found a runed translucent gate.
 11273 | Lair:1   | Found a runed translucent gate.
 11273 | Lair:1   | Found a runed translucent gate.
 11276 | Lair:1   | Noticed Zomec's ghost (journeyman TrSh)
 11480 | Lair:2   | Reached **** piety under Okawaru
 11816 | Lair:2   | Noticed a boulder beetle
 11835 | Lair:2   | Killed a boulder beetle
 11901 | Lair:2   | Found a hole to the Spider Nest.
 12246 | Lair:3   | Reached ***** piety under Okawaru
 12435 | Lair:3   | Noticed a four-headed hydra
 12446 | Lair:3   | Killed a four-headed hydra
 12447 | Lair:3   | Reached skill level 15 in Evocations
 12447 | Lair:3   | Reached XP level 13. HP: 96/96 MP: 13/13
 12588 | Lair:3   | Found a runed translucent door.
 12603 | Lair:3   | Noticed Fractals's ghost (journeyman DsBr)
 12785 | Lair:3   | Found a staircase to the Shoals.
 13344 | Lair:4   | Received a gift from Okawaru
 13435 | Lair:4   | Found a viscous altar of Jiyva.
 13435 | Lair:4   | Found a staircase to the Slime Pits.
 13517 | Lair:4   | Reached skill level 10 in Fighting
 14094 | Lair:5   | Entered Level 5 of the Lair of Beasts
 14107 | Lair:4   | Reached ****** piety under Okawaru
 14250 | Lair:5   | Received a gift from Okawaru
 14254 | Lair:4   | Acquired the +2 pair of slick slippers {slick, slippery,
                  | EV+4}
 14254 | Lair:4   | Received a gift from Okawaru
 14254 | Lair:4   | Found the +2 pair of slick slippers {slick, slippery, EV+4}
 14267 | Lair:4   | Acquired the +7 hand cannon "Mule" {flame, backblast, rF+}
 14267 | Lair:4   | Received a gift from Okawaru
 14267 | Lair:4   | Found the +7 hand cannon "Mule" {flame, backblast, rF+}
 14352 | Lair:5   | Found a runed translucent gate.
 14395 | Lair:5   | Noticed Esekla's ghost (journeyman DsWn)
 14397 | Lair:5   | Found the +3 pair of mountain boots {steadfast, rC+}
 14488 | Lair:5   | Found a runed translucent gate.
 14489 | Lair:5   | Found a runed translucent gate.
 14570 | Lair:5   | Reached skill level 10 in Dodging
 14732 | Lair:5   | Received a gift from Okawaru
 14733 | Lair:5   | Reached XP level 14. HP: 110/110 MP: 14/14
 15242 | Lair:5   | Acquired a gigadynamo N-9200 {Gadgeteer, rElec rPois rCorr}
 15250 | Lair:5   | Reached skill level 15 in Ranged Weapons
 15298 | Lair:5   | Killed Esekla's ghost
 15311 | Lair:5   | Identified the +0 pair of boots of Somewhere Else {rF+ rC-
                  | MP+9 Slay+3}
 16100 | D:12     | Received a gift from Okawaru
 16351 | D:12     | Noticed Erolcha
 16356 | D:12     | Killed Erolcha
 16357 | D:12     | Reached skill level 16 in Ranged Weapons
 16448 | D:12     | Got the Precepts of Topological Debased Mysteries
 16976 | Orc:1    | Entered Level 1 of the Orcish Mines
 16996 | Orc:2    | Entered Level 2 of the Orcish Mines
 17000 | Orc:2    | Noticed Urug
 17015 | Orc:2    | Killed Urug
 17019 | Orc:2    | Received a gift from Okawaru
 17040 | Orc:1    | Found a roughly hewn altar of Beogh.
 17177 | Orc:2    | Reached skill level 17 in Ranged Weapons
 17183 | Orc:2    | Reached XP level 15. HP: 115/115 MP: 15/15
 17188 | Orc:2    | Received a gift from Okawaru
 17277 | Orc:2    | Found Rolab's Weapon Boutique.
 17277 | Orc:2    | Found Tihiozeu's Jewellery Emporium.
 17278 | Orc:2    | Found Kupeixzi's Antique Weapon Emporium.
 17278 | Orc:2    | Found Xoest's Assorted Antiques.
 17305 | Orc:2    | Bought a scroll of blinking for 157 gold pieces
 17305 | Orc:2    | Bought a scroll of teleportation for 63 gold pieces
 17305 | Orc:2    | Bought a clear potion for 18 gold pieces
 17305 | Orc:2    | Bought an orange potion for 18 gold pieces
 17389 | Orc:2    | Found a staircase to the Elven Halls.
 17511 | Orc:1    | Reached skill level 18 in Ranged Weapons
 17537 | Orc:1    | Found a dark tunnel.
 17540 | Orc:1    | Reached skill level 1 in Invocations
 17553 | Volcano  | Entered a volcano
 17608 | Volcano  | Received a gift from Okawaru
 17622 | Volcano  | Found a radiant altar of Vehumet.
 17888 | Orc:1    | Found Qol Foggesm's Weapon Shoppe.
 18294 | Orc:2    | Found a shimmering altar of Xom.
 18731 | Shoals:1 | Entered Level 1 of the Shoals
 18778 | Shoals:1 | Found a glacial archway.
 18790 | Shoals:1 | Reached skill level 5 in Invocations
 18794 | Shoals:1 | Found Zucsiamm's One-of-a-Kind Rings.
 18814 | IceCv    | Entered an ice cave
 18945 | IceCv    | Received a gift from Okawaru
 19222 | IceCv    | Got the Exposition on Glaciation
 19289 | IceCv    | Mangled by a caustic shrike simulacrum

Illustrated notes

Levels and vault maps discovered:
D:1:      heliophobic_arrival_enchanted_forest, layout_loops_ring,
          minmay_misc_feat_x, chequers_mini_garden
D:2:      layout_basic, uniq_sigmund, uniq_jessica
D:3:      layout_loops_ring, portal_sewer_entry_f
D:4:      layout_layer_cave, dk_noncrumbling_4, minmay_misc_feat_cross,
          kennysheep_generic_room_16, uniq_menkaure
D:5:      layout_basic, grunt_temple_overflow_magic_moments
D:6:      layout_cave_pools, roderic_lattice_a, uniq_edmund
D:7:      layout_layer_cave, amcnicky_altar_gilded, temple_pool_b
D:8:      layout_loops_ring, nicolae_shop_sticking_my_neck_out, uniq_pikel
D:9:      layout_gridville, lemuel_crystal_altar, nicolae_ashenzari_skybound,
          hiddenorc1_lemuel, nicolae_diode_quadrants
D:10:     layout_basic, lemuel_round_altar
D:11:     layout_basic, erik_lair_orcish_takeover
D:12:     cheibrodos_hippocracy, layout_cave_pods, uniq_erolcha
D:13:     layout_gridville, ximxim_vaults_locker_room, serial_shops, shop,
          nicolae_shop_tiny_real_fake_doors, shop, shop,
          kennysheep_pointless_box
Temple:   hellmonk_temple_two_chambers
Lair:1:   layout_chaotic_city, gammafunk_ghost_necromancy
Lair:2:   layout_chaotic_city, nicolae_spider_entry_non_spiders
Lair:3:   layout_regular_city, minmay_shoals_entry_beasts,
          ebering_ghost_reflecting_pool, serial_bayou_ford_a, grunt_megastairs_2
Lair:4:   layout_small_grid, slime_entry_1, beast_lair_carwin_7
Lair:5:   wormcave, layout_cave_pods, gammafunk_ghost_icy, nicolae_lair_lil_pond
Shoals:1: layout_shoals, portal_ice_cave_entry_ice_simulacra,
          nicolae_shop_unique_rings
Orc:1:    layout_caves, serial_shops, shop_fountains,
          nicolae_volcano_entry_batcave, nicolae_orc_seminary
Orc:2:    st_orc_ogre_mass, layout_caves, basic_altar,
          nicolae_orc_crystal_geode, uniq_urug
IceCv:    ice_cave_tombish

Skill      XL: |  1  2  3  4  5  6  7  8  9 10 11 12 13 14 15 |
---------------+----------------------------------------------+-----
Ranged Weapons | 4 5 6 7 8 9 10 13 14 17 18 | 18.0
Fighting       | 5 7 10 | 10.0
Dodging        | 4 7 10 | 10.2
Evocations     | 7 15 | 15.0
Invocations    | 7 |  7.1
Stealth        | |  0.7

Action                     |  1- 3 |  4- 6 |  7- 9 | 10-12 | 13-15 || total
---------------------------+-------+-------+-------+-------+-------++-------
   Fire: Sling             |    88 |   326 |   626 |  1306 |  1023 ||  3369
         Hand cannon       |       |       |       |       |   605 ||   605
 Invoke: Receive Weapon    |       |       |       |       |     1 ||     1
         Receive Armour    |       |       |       |       |     1 ||     1
Ability: Invent Gizmo      |       |       |       |       |     1 ||     1
  Evoke: Wand              |       |       |       |    15 |     5 ||    20
    Use: Scroll            |       |     1 |    10 |     8 |    10 ||    29
         Potion            |       |       |     1 |       |       ||     1
 Armour: Leather armour    |     8 |    28 |    66 |    41 |       ||   143
         Steam dragon scal |       |       |       |    23 |       ||    23
         Troll leather arm |       |       |       |    67 |   134 ||   201
  Dodge: Dodged            |    12 |    11 |    72 |   196 |   243 ||   534

Table legend: (Time is in decaauts)
 A = Elapsed time spent in this place.
 B = Non-inter-level travel time spent in this place.
 C = Inter-level travel time spent in this place.
 D = Time resting spent in this place.
 E = Time spent auto-exploring this place.
 F = Levels seen in this place.
 G = Mean time per level.
                   A        B        C        D        E       F      G
               +--------+--------+--------+--------+--------+-----+--------+
         Total |  19136 |  18030 |   1106 |    450 |  14166 |  25 |  765.4 |
       Dungeon |  11746 |  11032 |    714 |    378 |   9028 |  13 |  903.5 |
        Temple |      1 |      1 |      0 |      0 |      0 |   1 |    1.0 |
          Lair |   4787 |   4536 |    251 |      5 |   3659 |   5 |  957.4 |
        Shoals |     85 |     85 |      0 |      0 |      0 |   1 |   85.0 |
  Orcish Mines |   1336 |   1195 |    141 |      0 |    689 |   2 |  668.0 |
         Sewer |    454 |    454 |      0 |      0 |    358 |   1 |  454.0 |
      Ice Cave |    465 |    465 |      0 |     63 |    284 |   1 |  465.0 |
       Volcano |    258 |    258 |      0 |      3 |    147 |   1 |  258.0 |
               +--------+--------+--------+--------+--------+-----+--------+

Top non-repeatable levels by time:
     D:7: 1531 daAuts
     D:8: 1333 daAuts
    D:12: 1329 daAuts
     D:9: 1242 daAuts
  Lair:4: 1154 daAuts
  Lair:5: 1015 daAuts
  Lair:3: 983 daAuts
     D:5: 949 daAuts
     D:3: 891 daAuts
    D:11: 888 daAuts
   Orc:2: 887 daAuts
     D:2: 836 daAuts
  Lair:1: 825 daAuts
  Lair:2: 807 daAuts
    D:10: 806 daAuts
